 Dungeon Crawl Stone Soup version 0.26-a0-660-gc07710193c (webtiles) character file.

Game seed: 12864498009144305067

100 Banto the Sneak (level 5, -4/41 HPs)
             Began as a Human Delver on Oct 6, 2020.
             Blown up by Ijyb (22 damage)
             ... with a disintegration bolt
             ... on level 3 of the Dungeon.
             The game lasted 00:02:02 (1322 turns).

Banto the Sneak (Human Delver)                      Turns: 1322, Time: 00:02:02

Health: -4/41      AC:  9    Str: 12    XL:     5   Next: 3%
Magic:  5/5        EV:  9    Int:  8    God:
Gold:   38         SH:  0    Dex: 17    Spells: 4/4 levels left

rFire    + . .     SeeInvis .   a - +0 mace
rCold    . . .     Faith    .   (no shield)
rNeg     . . .     Spirit   .   h - +0 scale mail
rPois    .         Reflect  .   (no helmet)
rElec    .         Harm     .   (no cloak)
rCorr    .         Rampage  .   (no gloves)
MR       +....                  k - +2 pair of boots of Ephyil {rF+ MR+ Int-3 Dex+2}
Stlth    ++........             (no amulet)
HPRegen  0.13/turn              (no ring)
MPRegen  0.09/turn              (no ring)

@: no status effects
A: no striking features
a: no special abilities


You were on level 3 of the Dungeon.
You visited 2 branches of the dungeon, and saw 4 of its levels.

You collected 38 gold pieces.

Inventory:

Hand Weapons
 a - a +0 mace (weapon)
Armour
 h - a +0 scale mail (worn)
 k - the +2 pair of boots of Ephyil (worn) {rF+ MR+ Int-3 Dex+2}
   (You found it on level 4 of the Dungeon)

   It affects your intelligence (-3).
   It affects your dexterity (+2).
   It protects you from fire.
   It affects your resistance to hostile enchantments.
Wands
 g - a wand of digging (3)
 i - a wand of flame (15)
Scrolls
 b - a scroll of identify {unknown}
 c - 2 scrolls of fog
 d - 2 scrolls of magic mapping
 e - a scroll of fear
 j - a scroll of enchant weapon {unknown}
Potions
 f - a potion of haste


   Skills:
 - Level 3.0 Fighting
 + Level 4.5 Maces & Flails
 - Level 2.0 Dodging
 - Level 5.3 Stealth


You had 4 spell levels left.
You didn't know any spells.
Your spell library was empty.

Dungeon Overview and Level Annotations

Branches:
Dungeon (5/15)             Temple (1/1) D:4

Altars:
Ashenzari
Cheibriados
Elyvilon
Fedhas
Gozag
Hepliaklqana
Kikubaaqudgha
Makhleb
Ru
Trog
Uskayaw
Wu Jian
Xom

Annotations:
D:3 Ijyb


Message History

Ouch! That really hurt!
You take 25 damage, and have 16/41 hp.
MASSIVE DAMAGE!!
You closely miss Ijyb.
Ijyb is lightly wounded.
Ijyb hits you but does no damage.
You hit Ijyb.
Ijyb is moderately wounded.
Ijyb hits you but does no damage. Ijyb barely misses you.
Found a stone staircase leading up.
There is a stone staircase leading up here.
Ijyb hits you but does no damage.
You climb upwards.
Found 17 gold pieces and 18 stones.
There is a stone staircase leading down here.
You hit Ijyb.
Ijyb is moderately wounded.
Ijyb zaps a wand.
You are blasted!
Ouch! That really hurt!
You die...

#. ..
#######.#
#.......#
#.g..(..#
#..@....#
#.......#
#..........
#.....$.#..
#.......# .
#.......#
#########


You could see Ijyb.

Vanquished Creatures
  A centaur skeleton (D:4)
  An orc priest (D:4)
  A worker ant (D:4)
  An adder (D:4)
  A worm (D:4)
  4 jackals (D:5)
  A leopard gecko skeleton (D:4)
  A quokka skeleton (D:4)
11 creatures vanquished.

Notes
Turn   | Place    | Note
-------+----------+-------------------------------------------
     0 | D:5      | Banto the Human Delver began the quest for the Orb.
     0 | D:5      | Reached XP level 1. HP: 18/18 MP: 1/1
    14 | D:5      | Found a shimmering altar of Xom.
   194 | D:5      | Found a burning altar of Makhleb.
   223 | D:5      | Found a shimmering altar of Xom.
   279 | D:4      | Reached XP level 2. HP: 24/24 MP: 2/2
   693 | D:4      | Reached XP level 3. HP: 10/29 MP: 3/3
  1075 | D:4      | Reached XP level 4. HP: 28/35 MP: 4/4
  1085 | D:4      | Got a pair of ichor-stained boots
  1091 | D:4      | Identified the +2 pair of boots of Ephyil {rF+ MR+ Int-3
                  | Dex+2} (You found it on level 4 of the Dungeon)
  1165 | D:4      | Found a staircase to the Ecumenical Temple.
  1167 | D:4      | Noticed Ijyb
  1169 | D:4      | Reached XP level 5. HP: 41/41 MP: 5/5
  1194 | Temple   | Entered the Ecumenical Temple
  1322 | D:3      | Blown up by Ijyb

Illustrated notes

Levels and vault maps discovered:
D:3:      layout_rooms, lemuel_round_altar, nicolae_underground_beach
D:4:      layout_basic, minmay_temple_entry_proselytizer,
          nemelex_spade_bored_becter, uniq_ijyb
D:5:      layout_basic, zin_academy, lemuel_doored_altar, kennysheep_mini,
          basic_altar, hangedman_ru_absence
Temple:   minmay_freezing_vapour_temple

Skill      XL: |  1  2  3 |
---------------+----------+-----
Maces & Flails | 3 4 |  4.5
Fighting       | |  3.0
Dodging        | |  2.0
Stealth        | |  5.3

Action                   |  1- 3 |  4- 6 || total
-------------------------+-------+-------++-------
Melee: Mace              |    68 |     7 ||    75
Evoke: Wand              |     4 |     3 ||     7
  Use: Potion            |     1 |       ||     1
 Stab: Sleeping          |     2 |       ||     2
Armor: Leather armour    |     6 |       ||     6
       Scale mail        |    24 |     4 ||    28
Dodge: Dodged            |    40 |     2 ||    42

Table legend: (Time is in decaauts)
 A = Elapsed time spent in this place.
 B = Non-inter-level travel time spent in this place.
 C = Inter-level travel time spent in this place.
 D = Time resting spent in this place.
 E = Time spent auto-exploring this place.
 F = Levels seen in this place.
 G = Mean time per level.
                   A        B        C        D        E       F      G
               +--------+--------+--------+--------+--------+-----+--------+
         Total |   1341 |   1341 |      0 |    764 |    156 |   4 |  335.2 |
       Dungeon |   1230 |   1230 |      0 |    666 |    156 |   3 |  410.0 |
        Temple |    111 |    111 |      0 |     98 |      0 |   1 |  111.0 |
               +--------+--------+--------+--------+--------+-----+--------+

Top non-repeatable levels by time:
     D:4: 986 daAuts
     D:5: 243 daAuts
  Temple: 111 daAuts
     D:3: 0 daAuts

Table legend:
 A = Kills in this place as a percentage of kills in entire the game.
 B = Kills by you in this place as a percentage of kills by you in the entire game.
 C = Kills by friends in this place as a percentage of kills by friends in the entire game.
 D = Other kills in this place as a percentage of other kills in the entire game.
 E = Experience gained in this place as a percentage of experience gained in the entire game.
 F = Experience gained in this place divided by the number of levels of this place that you have seen.
                   A       B       C       D       E      F
               +-------+-------+-------+-------+-------+----------------------
         Total | 100.0 | 100.0 |   N/A |   N/A | 100.0 |  36.0
       Dungeon | 100.0 | 100.0 |   N/A |   N/A | 100.0 |  48.0
               +-------+-------+-------+-------+-------+----------------------
